 Dungeon Crawl Stone Soup version 0.32-a0-814-g0968bab981 (webtiles) character file.

Game seed: 5721152397466877693

1717 dialectric the Trooper (level 8, -4/64 HPs)
             Began as a Demonspawn Shapeshifter on Mar 22, 2024.
             Killed from afar by a white imp (9 damage)
             ... with a puff of frost
             ... summoned by Eustachio
             ... on level 5 of the Dungeon.
             The game lasted 00:05:15 (3655 turns).

dialectric the Trooper (Demonspawn Shapeshifter)    Turns: 3655, Time: 00:05:15

Health: -4/64      AC:  5    Str: 20    XL:     8   Next: 74%
Magic:  8/8        EV: 11    Int:  9    God:
Gold:   188        SH:  0    Dex: 12    Spells: 7/7 levels left

rFire   . . .        o - +10 dagger of a Labyrinth {vamp, rPois Str+3 Int-2}
rCold   . . .        (no shield)
rNeg    . . .        a - +0 animal skin
rPois   +            (helmet currently unavailable)
rElec   .            (cloak currently unavailable)
rCorr   .            (gloves currently unavailable)
SInv    .            (boots currently unavailable)
Will    .....        (no amulet)
Stlth   +++          x - ring of poison resistance
HPRegen 0.30/turn    (no ring)
MPRegen 0.11/turn

%: no passive effects
@: brilliant, beast-form, marked, wreathed by umbra
A: beast (slay +3), slimy green scales 2, demonic guardian 1, weakness stinger
2, foul shadow 1
a: Begin Untransformation


You were on level 5 of the Dungeon.
You were a hulking beast.
You visited 1 branch of the dungeon, and saw 6 of its levels.

You collected 188 gold pieces.

Inventory:

Hand Weapons
 o - the +10 dagger of a Labyrinth (weapon) {vamp, rPois Str+3 Int-2}
   (You found it on level 2 of the Dungeon)

   Str+3:     It affects your strength (+3).
   Int-2:     It affects your intelligence (-2).
   rPois:     It protects you from poison.
Missiles
 e - 5 silver javelins (quivered)
Armour
 a - a +0 animal skin (worn)
 h - a +0 helmet
 n - a +0 cloak
Jewellery
 x - a ring of poison resistance (left hand)
Talismans
 c - a beast talisman (active)
 d - a flux talisman
Wands
 l - a wand of charming (4)
 t - a wand of mindburst (11)
 y - a wand of polymorph (15)
 A - a wand of digging (5)
Scrolls
 f - a scroll of enchant weapon {unknown}
 g - 2 scrolls of amnesia {unknown}
 m - a scroll of noise {unknown}
 p - 2 scrolls of fog {unknown}
 q - 2 scrolls of immolation
 s - 2 scrolls of enchant armour {unknown}
 u - 2 scrolls of revelation {unknown}
 w - a scroll of poison {unknown}
 B - a scroll of silence {unknown}
Potions
 b - a potion of lignification
 i - a potion of brilliance
 j - 2 potions of magic
 k - a potion of resistance {unknown}
 r - a potion of cancellation
 v - a potion of haste {unknown}
 z - a potion of curing {unknown}


   Skills:
 + Level 5.7 Fighting
 + Level 4.7 Short Blades
 - Level 2.0 Dodging
 + Level 3.6 Stealth
 - Level 4.3 Unarmed Combat
 + Level 5.4 Shapeshifting


You had 7 spell levels left.
You didn't know any spells.
Your spell library contained the following spells:

 Spells                   Type           Power      Damage    Failure   Level
 Call Imp                 Summ           0%         N/A       52%         2
 Ensorcelled Hibernation  Hex/Ice        0%         N/A       52%         2
 Sublimation of Blood     Necr           0%         N/A       52%         2
 Hailstorm                Conj/Ice       0%         3d5       77%         3
 Passwall                 Erth           0%         N/A       77%         3
 Summon Ice Beast         Ice/Summ       0%         N/A       77%         3
 Swiftness                Air            0%         N/A       77%         3
 Alistair's Intoxication  Alch           0%         N/A       100%        5
 Borgnjor's Vile Clutch   Necr/Erth      0%         N/A       100%        5
 Eringya's Noxious Bog    Alch           0%         4d6       100%        6
 Permafrost Eruption      Ice/Erth       0%         2x4d2     100%        6
 Sculpt Simulacrum        Ice/Alch       0%         N/A       100%        6
 Summon Hydra             Summ           0%         N/A       100%        7


Dungeon Overview and Level Annotations

Branches:
Dungeon (6/15)             Temple (0/1) D:6

Altars:

Annotations:
D:3 Grinder
D:5 Eustachio


Innate Abilities, Weirdness & Mutations

You are a hulking beast.
Your limbs bulge with bestial killing power. (Slay +3)
You are mostly covered in slimy green scales. (AC +3)
A weak demonic guardian rushes to your aid.
You have a tail ending in a sharp stinger.
You are faintly shadowed, very rarely releasing foul flame when damaged in melee.


Message History

You puncture the water moccasin!
You feel better.
The water moccasin is moderately wounded.
The water moccasin barely misses you.
An ogre comes into view. It is wielding a +0 giant club.
Eustachio gestures wildly while chanting.
Eustachio blinks!
You puncture the water moccasin!
You feel better.
The water moccasin is severely wounded.
The water moccasin bites you.
The water moccasin is seared by the foul flame within you.
The water moccasin is severely wounded.
You puncture the water moccasin!
You feel better.
You kill the water moccasin!
Eustachio screams, "This atrocity can only be purified with blood!"
Your white imp gestures at Eustachio.
The puff of frost hits Eustachio!
A bombardier beetle and an iguana come into view.
Your white imp gestures at Eustachio.
The puff of frost hits Eustachio!
The ogre hits you with a +0 giant club!!
The bombardier beetle bites you.
You see here a water moccasin corpse.
You are too injured to fight recklessly!
You are too injured to fight recklessly!
You are too injured to fight recklessly!
You are too injured to fight recklessly!
You are too injured to fight recklessly!
Unknown command.
Eustachio mumbles some strange words.
The ogre attacks as it pursues you!
The ogre hits you with a +0 giant club!!
* * * LOW HITPOINT WARNING * * *
The ogre is seared by the foul flame within you!
The ogre is moderately wounded.
You see here an iguana corpse.
It was a potion of brilliance.
You feel clever all of a sudden. The white imp gestures at you.
The puff of frost hits you!
You die...

................#.#...
.............#...#.... .
..............#..#....
.. ..l......#...# #....
... ........#.. ..#...
.... #.......###...#.#
.....####l.@5.#...#...#.
........O...5#.....#.. [
.......h............#
.............#.....#.. .
...>..........#...#...#.
...............###...#.#
###+#.........#..#..#...
#........#...###....
#.#####.....#..#...) #.
#....#...#....
#.......#.#...


You could see Eustachio (ally target), an ogre, an iguana, a white imp
(summoned) and a friendly white imp (summoned).

Vanquished Creatures
  Pikel (D:5)
  Sigmund (D:3)
  A water moccasin (D:5)
  A sky beast (D:4)
  An ogre (D:3)
  A black bear (D:5)
  A lemure (D:5)
  A phantom (D:5)
  2 scorpions
  A howler monkey (D:4)
  2 hounds (D:5)
  A bombardier beetle (D:5)
  A jelly (D:6)
  Natasha (thrice) (D:3)
  2 iguanas (D:5)
  Robin (D:2)
  4 gnolls (D:3)
  4 adders
  2 white imps (D:5)
  4 ribbon worms
  2 dart slugs
  An orc (D:4)
  9 endoplasms
  3 giant cockroaches
  16 goblins
  10 hobgoblins
  3 jackals (D:2)
  2 quokkas (D:1)
  5 ball pythons
  5 bats
  6 frilled lizards
  6 kobolds
  4 rats
107 creatures vanquished.

Vanquished Creatures (collateral kills)
  A scorpion (D:5)
1 creature vanquished.

Grand Total: 108 creatures vanquished

Notes
Turn   | Place    | Note
-------+----------+-------------------------------------------
     0 | D:1      | dialectric the Demonspawn Shapeshifter began the quest for
                  | the Orb.
     0 | D:1      | Reached XP level 1. HP: 15/15 MP: 1/1
    95 | D:1      | Gained mutation: You are faintly shadowed, very rarely
                  | releasing foul flame when damaged in melee. [demonic
                  | ancestry]
    95 | D:1      | Reached XP level 2. HP: 20/21 MP: 2/2
   758 | D:2      | Reached XP level 3. HP: 6/26 MP: 3/3
   914 | D:2      | Noticed Robin
  1041 | D:2      | Killed Robin
  1301 | D:2      | Gained mutation: You are partially covered in slimy green
                  | scales. (AC +2) [demonic ancestry]
  1301 | D:2      | Reached XP level 4. HP: 32/33 MP: 4/4
  1595 | D:2      | Identified the +10 dagger of a Labyrinth {vamp, rPois Str+3
                  | Int-2}
  1667 | D:3      | Noticed Sigmund
  1927 | D:4      | Noticed a scorpion
  1933 | D:4      | Gained mutation: You have a small tail. [demonic ancestry]
  1933 | D:4      | Reached XP level 5. HP: 39/39 MP: 5/5
  1934 | D:4      | Noticed an ogre
  1967 | D:3      | Killed an ogre
  1968 | D:3      | Reached skill level 1 in Short Blades
  2345 | D:3      | Gained mutation: You are mostly covered in slimy green
                  | scales. (AC +3) [demonic ancestry]
  2345 | D:3      | Reached XP level 6. HP: 46/46 MP: 6/6
  2394 | D:3      | Noticed Natasha
  2401 | D:3      | Killed Sigmund
  2405 | D:3      | Killed Natasha
  2410 | D:3      | Noticed Natasha
  2526 | D:3      | Killed Natasha
  2603 | D:3      | Noticed Grinder
  2628 | D:3      | Paralysed by Grinder for 5 turns
  2635 | D:3      | You fall into a shaft and drop 3 floors!
  2682 | D:6      | Gained mutation: A weak demonic guardian rushes to your
                  | aid. [demonic ancestry]
  2682 | D:6      | Reached XP level 7. HP: 49/53 MP: 7/7
  2708 | D:6      | Found a staircase to the Ecumenical Temple.
  2724 | D:5      | Entered Level 5 of the Dungeon
  2873 | D:4      | Found the +6 shillelagh "Devastator" {shatter}
  3120 | D:3      | Noticed Natasha
  3124 | D:3      | Killed Natasha
  3257 | D:5      | Reached skill level 1 in Stealth
  3536 | D:5      | Noticed Pikel
  3544 | D:5      | Killed Pikel
  3545 | D:5      | Reached skill level 5 in Fighting
  3545 | D:5      | Reached skill level 5 in Shapeshifting
  3545 | D:5      | Gained mutation: You have a tail ending in a sharp stinger.
                  | [demonic ancestry]
  3545 | D:5      | Reached XP level 8. HP: 40/62 MP: 8/8
  3647 | D:5      | Noticed Eustachio
  3655 | D:5      | Killed from afar by a white imp

Illustrated notes

Levels and vault maps discovered:
D:1:      lemuel_arrival_hallway, layout_loops_ring, hangedman_decor_points,
          bh_walls_and_bars
D:2:      layout_basic, uniq_robin
D:3:      layout_rooms, uniq_natasha, uniq_grinder, uniq_sigmund
D:4:      layout_basic, dilly_guarded_unrand_devastator
D:5:      layout_basic, blue_anna_alchemist, hangedman_feature_mirror,
          minivault_27, minmay_splitting_lines, uniq_pikel, uniq_eustachio
D:6:      layout_rooms, minmay_temple_entry_butterflies,
          kennysheep_cluttered_room, minmay_door_square,
          nicolae_take_the_stairs, fountainhead, uniq_duvessa, uniq_maggie,
          uniq_crazy_yiuf_cottage

Skill      XL: |  1  2  3  4  5  6  7 |
---------------+----------------------+-----
Dodging        | 2 |  2.0
Unarmed Combat | 3 4 |  4.3
Shapeshifting  | 3 4 5 |  5.4
Fighting       | 2 3 5 |  5.7
Short Blades   | 1 2 4 |  4.7
Stealth        | 3 |  3.6

Action                     |  1- 3 |  4- 6 |  7- 9 || total
---------------------------+-------+-------+-------++-------
  Melee: Unarmed           |   122 |    29 |       ||   151
         Punch             |     3 |     1 |       ||     4
         Dagger            |       |    72 |    65 ||   137
         Tailslap          |       |     5 |    10 ||    15
  Evoke: Wand              |       |     1 |       ||     1
    Use: Scroll            |       |     1 |     2 ||     3
         Potion            |       |       |     1 ||     1
   Stab: Sleeping          |     2 |     1 |       ||     3
 Armour: Animal skin       |    65 |    70 |    49 ||   184
         Skin              |       |     3 |       ||     3
  Dodge: Dodged            |    75 |    71 |    29 ||   175

Table legend: (Time is in decaauts)
 A = Elapsed time spent in this place.
 B = Non-inter-level travel time spent in this place.
 C = Inter-level travel time spent in this place.
 D = Time resting spent in this place.
 E = Time spent auto-exploring this place.
 F = Levels seen in this place.
 G = Mean time per level.
                   A        B        C        D        E       F      G
               +--------+--------+--------+--------+--------+-----+--------+
         Total |   3641 |   3560 |     81 |    380 |   2334 |   6 |  606.8 |
       Dungeon |   3641 |   3560 |     81 |    380 |   2334 |   6 |  606.8 |
               +--------+--------+--------+--------+--------+-----+--------+

Top non-repeatable levels by time:
     D:2: 971 daAuts
     D:1: 791 daAuts
     D:3: 711 daAuts
     D:4: 569 daAuts
     D:5: 509 daAuts
     D:6: 88 daAuts
